PIO (24 & UNDER)
SURREY SINNERS @ SALEM SLEDGEHAMMERS
05/23/2023
 
TOP OF THE 1ST
Surrey Sinners batting - Pitching for Salem Sledgehammers : LHP Carlos Castillo
Pitching: LHP Carlos Castillo
Batting: RHB Miguel Palácios 0-0: Ball
1-0: Fly out, F9 (Flyball, 89M)
Batting: LHB Larry Howard 0-0: Called Strike
0-1: Called Strike
0-2: Strikes out looking
Batting: RHB Jesús Gonzáles 0-0: Ground out 4-3 (Groundball, 34)
Top of the 1st over - 0 run(s), 0 hit(s), 0 error(s), 0 left on base; Surrey 0 - Salem 0
BOTTOM OF THE 1ST
Salem Sledgehammers batting - Pitching for Surrey Sinners : RHP Diego González
Pitching: RHP Diego González
Batting: RHB William Richardson 0-0: Fly out, F3 (Line Drive, 3L)
Batting: RHB Brandon Pope 0-0: Fly out, F4 (Popup, 4D)
Batting: SHB Lee Townsend 0-0: Ball
1-0: Called Strike
1-1: SINGLE (Groundball, 2R) (infield hit)
Batting: RHB Earnest Finnegan 0-0: Ball
1-0: Ball
Lee Townsend steals 2nd base
2-0: Ground out 6-3 (Groundball, 6)
Bottom of the 1st over - 0 run(s), 1 hit(s), 0 error(s), 1 left on base; Surrey 0 - Salem 0
TOP OF THE 2ND
Surrey Sinners batting - Pitching for Salem Sledgehammers : LHP Carlos Castillo
Batting: RHB Héctor Berrios 0-0: SINGLE (Line Drive, 34)
Batting: LHB Edmund Ross 0-0: Called Strike
0-1: Fielders Choice at 2nd, 6-4 (Groundball, 6)
Batting: RHB Bill Little 0-0: Ball
1-0: Ball
2-0: SINGLE (Line Drive, 4M)
Edmund Ross to second
Batting: SHB Lawrence Steward 0-0: Ball
1-0: Ball
2-0: Foul Ball, location: 2F
2-1: Ball
3-1: Called Strike
3-2: Foul Ball, location: 2F
3-2: Base on Balls
Edmund Ross to third
Bill Little to second
Batting: RHB Víctor Arredondo 0-0: Ball
Wild Pitch!
Edmund Ross scores
Bill Little to third
Lawrence Steward to second
1-0: Called Strike
1-1: Called Strike
1-2: Ball
2-2: Ball
3-2: Foul Ball, location: 2F
3-2: Base on Balls
Batting: LHB Nick English 0-0: Foul Ball, location: 2F
0-1: Fly out, F8 (Flyball, 8LS)
Batting: RHB Miguel Palácios 0-0: Ball
1-0: Foul Ball, location: 2F
1-1: Ball
2-1: Ball
3-1: Fly out, F4 (Popup, 3D)
Top of the 2nd over - 1 run(s), 2 hit(s), 0 error(s), 3 left on base; Surrey 1 - Salem 0
BOTTOM OF THE 2ND
Salem Sledgehammers batting - Pitching for Surrey Sinners : RHP Diego González
Batting: SHB Pepe Piña 0-0: Called Strike
0-1: Ball
1-1: Called Strike
1-2: Strikes out swinging
Batting: SHB Júlio Salazar 0-0: Hit by Pitch
Batting: LHB Brent Alonzo 0-0: Called Strike
Júlio Salazar steals 2nd base
0-1: Ball
1-1: Fly out, F9 (Flyball, 89D)
Runner from 2nd tags up, SAFE at 3rd, no throw
Batting: RHB Fernando Pérez 0-0: Ball
1-0: Ball
2-0: Hit by Pitch
Batting: RHB Ryan Cates 0-0: Ball
1-0: Swinging Strike
1-1: Foul Ball, location: 2F
1-2: Strikes out swinging
Bottom of the 2nd over - 0 run(s), 0 hit(s), 0 error(s), 2 left on base; Surrey 1 - Salem 0
TOP OF THE 3RD
Surrey Sinners batting - Pitching for Salem Sledgehammers : LHP Carlos Castillo
Batting: LHB Larry Howard 0-0: Called Strike
0-1: Ball
1-1: Ground out 4-3 (Groundball, 4)
Batting: RHB Jesús Gonzáles 0-0: Ball
1-0: Called Strike
1-1: Ball
2-1: Foul Ball, location: 2F
2-2: Strikes out looking
Batting: RHB Héctor Berrios 0-0: Called Strike
0-1: Ball
1-1: Swinging Strike
1-2: Ball
2-2: Strikes out looking
Top of the 3rd over - 0 run(s), 0 hit(s), 0 error(s), 0 left on base; Surrey 1 - Salem 0
BOTTOM OF THE 3RD
Salem Sledgehammers batting - Pitching for Surrey Sinners : RHP Diego González
Batting: RHB William Richardson 0-0: Foul Ball, location: 2F
0-1: SINGLE (Line Drive, 34)
Batting: RHB Brandon Pope 0-0: Ball
1-0: Ball
2-0: Ball
3-0: Called Strike
3-1: Swinging Strike
3-2: Strikes out swinging
Throwing error on steal attempt, E2
William Richardson to third
Batting: SHB Lee Townsend 0-0: Ball
1-0: Foul Ball, location: 2F
1-1: Foul Ball, location: 2F
1-2: Strikes out looking
Batting: RHB Earnest Finnegan 0-0: SINGLE (Groundball, 56)
William Richardson scores
Batting: SHB Pepe Piña 0-0: Swinging Strike
0-1: Ball
1-1: Called Strike
1-2: Strikes out swinging
Bottom of the 3rd over - 1 run(s), 2 hit(s), 1 error(s), 1 left on base; Surrey 1 - Salem 1
TOP OF THE 4TH
Surrey Sinners batting - Pitching for Salem Sledgehammers : LHP Carlos Castillo
Batting: LHB Edmund Ross 0-0: Called Strike
0-1: Ball
1-1: Ground out 6-3 (Groundball, 6M)
Batting: RHB Bill Little 0-0: Called Strike
0-1: Called Strike
0-2: Ball
1-2: Foul Ball, location: 2F
1-2: Foul Ball, location: 2F
1-2: Foul Ball, location: 2F
1-2: Strikes out swinging
Batting: SHB Lawrence Steward 0-0: Called Strike
0-1: Ball
1-1: Swinging Strike
1-2: Foul Ball, location: 2F
1-2: Foul Ball, location: 2F
1-2: Ball
2-2: Foul Ball, location: 2F
2-2: Ground out 5-3 (Groundball, 56S)
Top of the 4th over - 0 run(s), 0 hit(s), 0 error(s), 0 left on base; Surrey 1 - Salem 1
BOTTOM OF THE 4TH
Salem Sledgehammers batting - Pitching for Surrey Sinners : RHP Diego González
Batting: SHB Júlio Salazar 0-0: Foul Ball, location: 2F
0-1: Bunt missed!
0-2: Foul Ball, location: 2F
0-2: Ball
1-2: Foul Ball, location: 2F
1-2: Ball
2-2: Fly out, F2 (Popup, 2LF)
Batting: LHB Brent Alonzo 0-0: Ball
1-0: Ball
2-0: Foul Ball, location: 2F
2-1: Fly out, F6 (Popup, 6MD)
Batting: RHB Fernando Pérez 0-0: Called Strike
0-1: Ball
1-1: Foul Ball, location: 2F
1-2: Ground out 6-3 (Groundball, 6)
Bottom of the 4th over - 0 run(s), 0 hit(s), 0 error(s), 0 left on base; Surrey 1 - Salem 1
TOP OF THE 5TH
Surrey Sinners batting - Pitching for Salem Sledgehammers : LHP Carlos Castillo
Batting: RHB Víctor Arredondo 0-0: Ball
1-0: Swinging Strike
1-1: Ball
2-1: Ball
3-1: Foul Ball, location: 2F
3-2: Base on Balls
Batting: LHB Nick English 0-0: Called Strike
0-1: Called Strike
0-2: Foul Ball, location: 2F
0-2: Ball
1-2: Strikes out swinging
Batting: RHB Miguel Palácios 0-0: Called Strike
0-1: Called Strike
0-2: Ball
1-2: Strikes out swinging
Batting: LHB Larry Howard 0-0: Ball
1-0: SINGLE (Line Drive, 89M)
Víctor Arredondo to second
Batting: RHB Jesús Gonzáles 0-0: Ball
1-0: Ball
2-0: Ball
3-0: Base on Balls
Víctor Arredondo to third
Larry Howard to second
Pitching: LHP Nick Johnson
Batting: RHB Héctor Berrios 0-0: Ball
1-0: Called Strike
1-1: Foul Ball, location: 2F
1-2: Fly out, F2 (Popup, 2LF)
Top of the 5th over - 0 run(s), 1 hit(s), 0 error(s), 3 left on base; Surrey 1 - Salem 1
BOTTOM OF THE 5TH
Salem Sledgehammers batting - Pitching for Surrey Sinners : RHP Diego González
Batting: RHB Ryan Cates 0-0: Ball
1-0: Ball
2-0: SINGLE (Line Drive, 4MD)
Batting: RHB William Richardson 0-0: Called Strike
0-1: Grounds into double play, 4-6-3 (Groundball, 4)
Batting: RHB Brandon Pope 0-0: SINGLE (Groundball, 4MD)
Batting: SHB Lee Townsend 0-0: Ball
1-0: Ball
2-0: Swinging Strike
2-1: Ball
3-1: Base on Balls
Brandon Pope to second
Batting: RHB Earnest Finnegan 0-0: Ball
1-0: Ground out 5-3 (Groundball, 5S)
Bottom of the 5th over - 0 run(s), 2 hit(s), 0 error(s), 2 left on base; Surrey 1 - Salem 1
TOP OF THE 6TH
Surrey Sinners batting - Pitching for Salem Sledgehammers : LHP Nick Johnson
Batting: LHB Edmund Ross 0-0: Swinging Strike
0-1: Foul Ball, location: 2F
0-2: Ball
1-2: Ball
2-2: Strikes out swinging
Batting: RHB Bill Little 0-0: Ball
1-0: Ball
2-0: SINGLE (Groundball, 6MD)
Batting: SHB Lawrence Steward 0-0: Called Strike
0-1: Ball
1-1: Foul Ball, location: 2F
1-2: Ball
2-2: Foul Ball, location: 2F
2-2: Foul Ball, location: 2F
2-2: Strikes out swinging
Batting: RHB Víctor Arredondo 0-0: Ball
1-0: Called Strike
1-1: Swinging Strike
1-2: Ball
2-2: Foul Ball, location: 2F
2-2: Ground out 5-3 (Groundball, 5)
Top of the 6th over - 0 run(s), 1 hit(s), 0 error(s), 1 left on base; Surrey 1 - Salem 1
BOTTOM OF THE 6TH
Salem Sledgehammers batting - Pitching for Surrey Sinners : RHP Diego González
Batting: SHB Pepe Piña 0-0: Fly out, F6 (Line Drive, 6)
Batting: SHB Júlio Salazar 0-0: Called Strike
0-1: Called Strike
0-2: Ball
1-2: Foul Ball, location: 2F
1-2: SOLO HOME RUN (Flyball, 89XD), Distance : 407 ft
Batting: LHB Brent Alonzo 0-0: Swinging Strike
0-1: Ball
1-1: Fly out, F8 (Flyball, 8LM)
Batting: RHB Fernando Pérez 0-0: Ball
1-0: Swinging Strike
1-1: Foul Ball, location: 2F
1-2: Strikes out swinging
Bottom of the 6th over - 1 run(s), 1 hit(s), 0 error(s), 0 left on base; Surrey 1 - Salem 2
TOP OF THE 7TH
Surrey Sinners batting - Pitching for Salem Sledgehammers : LHP Nick Johnson
Batting: LHB Nick English 0-0: Called Strike
0-1: Swinging Strike
0-2: SINGLE (Line Drive, 8LS)
Pinch Hitting: RHB Steve Bender 0-0: Ball
1-0: Sac Bunt - play at first, batter OUT! 5-4
Nick English to second
Batting: LHB Larry Howard 0-0: Called Strike
0-1: Ball
1-1: Ball
2-1: Ground out 4-3 (Groundball, 4)
Nick English to third
Batting: RHB Jesús Gonzáles 0-0: Called Strike
0-1: Foul Ball, location: 2F
0-2: Ball
1-2: Foul Ball, location: 2F
1-2: Ball
2-2: Ball
3-2: Base on Balls
Pinch Hitting: RHB Jesús Hernández 0-0: Ball
1-0: Called Strike
1-1: Swinging Strike
1-2: Strikes out swinging
Top of the 7th over - 0 run(s), 1 hit(s), 0 error(s), 2 left on base; Surrey 1 - Salem 2
BOTTOM OF THE 7TH
Salem Sledgehammers batting - Pitching for Surrey Sinners : RHP Diego González
Now at 3B: Steve Bender
Now at SS: Omar Tobías
Batting: RHB Ryan Cates Single, Error in OF, E7, batter to second base
Batting: RHB William Richardson 0-0: Called Strike
0-1: Ball
1-1: Ball
2-1: Swinging Strike
2-2: SINGLE (Line Drive, 56)
Ryan Cates to third
Runner from 3rd tries for Home, throw and OUT!
William Richardson to second
Pitching: RHP Chris Marshall
Batting: RHB Brandon Pope 0-0: Called Strike
0-1: Called Strike
0-2: Strikes out looking
Batting: SHB Lee Townsend 0-0: Called Strike
0-1: Ball
1-1: Called Strike
1-2: Strikes out swinging
Bottom of the 7th over - 0 run(s), 2 hit(s), 1 error(s), 1 left on base; Surrey 1 - Salem 2
TOP OF THE 8TH
Surrey Sinners batting - Pitching for Salem Sledgehammers : LHP Nick Johnson
Pitching: RHP Omar Camacho
Now at 1B: Dale Reeves
Batting: LHB Edmund Ross 0-0: Ball
1-0: Ball
2-0: Ball
3-0: Called Strike
3-1: Swinging Strike
3-2: Foul Ball, location: 2F
3-2: Base on Balls
Pitching: RHP Vaughan Gillespie
Batting: RHB Bill Little 0-0: Ball
1-0: Ball
2-0: Called Strike
2-1: Called Strike
2-2: Strikes out swinging
Pinch Hitting: LHB Tanyu Imai
Pitching: LHP Allen Purss 0-0: Swinging Strike
0-1: Ball
1-1: Swinging Strike
1-2: Strikes out looking
Pitching: RHP Jeff Hansen
Batting: RHB Víctor Arredondo 0-0: Foul Ball, location: 2F
0-1: Foul Ball, location: 2F
0-2: Strikes out looking
Top of the 8th over - 0 run(s), 0 hit(s), 0 error(s), 1 left on base; Surrey 1 - Salem 2
BOTTOM OF THE 8TH
Salem Sledgehammers batting - Pitching for Surrey Sinners : RHP Chris Marshall
Now in RF: Tanyu Imai
Batting: RHB Earnest Finnegan 0-0: SINGLE (Line Drive, 89M)
Batting: SHB Pepe Piña 0-0: Ball
1-0: Ball
2-0: Foul Ball, location: 2F
2-1: Foul Ball, location: 2F
2-2: Foul Ball, location: 2F
2-2: Ball
3-2: Foul Ball, location: 2F
3-2: Base on Balls
Earnest Finnegan to second
Batting: SHB Júlio Salazar 0-0: Ball
1-0: Sac Bunt - play at first, batter OUT! 1-4
Earnest Finnegan to third
Pepe Piña to second
Batting: LHB Brent Alonzo 0-0: Intentional Walk
Batting: RHB Fernando Pérez 0-0: Ball
1-0: Ball
2-0: SINGLE (Line Drive, 5D)
Earnest Finnegan scores
Pepe Piña to third
Brent Alonzo to second
Runner from 3rd tries for Home, SAFE, throw made home
Batting: RHB Ryan Cates 0-0: Called Strike
0-1: Ball
1-1: Ball
2-1: Swinging Strike
2-2: Strikes out looking
Batting: RHB William Richardson 0-0: Ball
1-0: Ball
2-0: Swinging Strike
2-1: Swinging Strike
2-2: Ball
3-2: Base on Balls
Brent Alonzo to third
Fernando Pérez to second
Pinch Hitting: RHB B.J. Allen 0-0: Ball
1-0: Swinging Strike
1-1: Swinging Strike
1-2: Fielders Choice at 2nd, U4 (Groundball, 4M)
Bottom of the 8th over - 2 run(s), 2 hit(s), 0 error(s), 3 left on base; Surrey 1 - Salem 4
TOP OF THE 9TH
Surrey Sinners batting - Pitching for Salem Sledgehammers : RHP Jeff Hansen
Pitching: RHP Rick Haynes
Now at 1B: B.J. Allen
Batting: LHB Nick English 0-0: Ground out U3 (Groundball, 3)
Batting: RHB Steve Bender 0-0: Ground out 6-3 (Groundball, 6)
Batting: LHB Larry Howard 0-0: Ground out 6-3 (Groundball, 6M)
Top of the 9th over - 0 run(s), 0 hit(s), 0 error(s), 0 left on base; Surrey 1 - Salem 4
This league is powered by Out of the Park Baseball, the baseball management simulation game for PC, Mac and Linux
Wednesday, December 2nd, 2015 - OOTP Baseball 16.8 Build 38